 Dungeon Crawl Stone Soup version 0.20-a0-1086-g4bd2f5b (webtiles) character file.

79 Kurtz the Skirmisher (level 4, 0/49 HPs)
             Began as an Ogre Monk on May 1, 2017.
             Slain by a sky beast (5 damage)
             ... on level 3 of the Dungeon.
             The game lasted 00:02:29 (1989 turns).

Kurtz the Skirmisher (Ogre Monk)                    Turns: 1989, Time: 00:02:30

Health: 0/49       AC:  3    Str: 15    XL:     4   Next: 38%
Magic:  4/4        EV: 11    Int: 11    God:
Gold:   113        SH:  0    Dex: 12    Spells: 3/3 levels left

rFire    . . .     SeeInvis .     - Unarmed
rCold    . . .     Gourm    .   (no shield)
rNeg     . . .     Faith    .   a - +0 robe
rPois    .         Spirit   .   (helmet restricted)
rElec    .         Reflect  .   (no cloak)
rCorr    .         Harm     .   (gloves unavailable)
MR       .....                  (boots unavailable)
Stlth    ++........             (no amulet)
Regen    0.2/turn               (no ring)
MPRegen  0.1/turn               (no ring)

@: no status effects
A: unfitting armour, tough skin 1
a: no special abilities


You were on level 3 of the Dungeon.
You were hungry.

You visited 1 branch of the dungeon, and saw 3 of its levels.

You collected 113 gold pieces.

Inventory:

Missiles
 j - 28 stones (quivered)
Armour
 a - a +0 robe (worn)
Scrolls
 d - a scroll of random uselessness {unknown}
 e - 2 scrolls of teleportation {unknown}
 f - a scroll of blinking {unknown}
 g - 2 scrolls of remove curse
 l - a scroll of identify {unknown}
Potions
 c - 3 potions of lignification {unknown}
 h - 2 potions of heal wounds {unknown}
 i - a potion of flight {unknown}
 k - a potion of brilliance {unknown}
 n - a potion of curing {unknown}
Comestibles
 b - 2 bread rations


   Skills:
 + Level 4.6 Fighting
 * Level 3.2 Dodging
 - Level 1.4 Stealth
 * Level 3.8 Unarmed Combat


You had 3 spell levels left.
You didn't know any spells.

Dungeon Overview and Level Annotations

Branches:
Dungeon (3/15)

Altars:
Ashenzari
Nemelex Xobeh
Xom
Yredelemnul

Annotations:
D:3 Ijyb


Innate Abilities, Weirdness & Mutations

You are too large for most types of armour.
You have tough skin. (AC +1)


Message History

You are too injured to fight recklessly!
You are too injured to fight recklessly!
You are too injured to fight recklessly!
You are too injured to fight recklessly!
You are too injured to fight recklessly!
All of the chunks of flesh in your inventory have rotted away.
There is a stone staircase leading down here.
The sky beast flickers out of sight!
Deactivating autopickup; reactivate with Ctrl-A.
Something hits you. Something shocks you.
* * * LOW HITPOINT WARNING * * *
Something hits you.
* * * LOW HITPOINT WARNING * * *
Something shocks you.
* * * LOW HITPOINT WARNING * * *
You are feeling hungry.
Something hits you.
* * * LOW HITPOINT WARNING * * *
Something shocks you.
You die...

#.######### #.......#
##..####.######
####.............#
#######........#.#####†#
#................# #.#
#######......#...# #.# #####
###.....##{# #.# #...#
##...###@#####.# ###.#
#.>...........# # #.#
##.#######.#### # #.# #.# #.# #
#.# ##'#######.### ###.#
##...##.......# #...#
##.....#.###.#.# # #.###
##........# #.#.## #
#..####>........###....##########


There were no monsters in sight!

Vanquished Creatures
  Terence (D:3)
  An adder (D:2)
  An ooze (D:2)
  A dart slug (D:1)
  A leopard gecko (D:3)
  A ball python (D:2)
  A giant cockroach (D:3)
  A gnoll zombie (D:3)
  7 goblins
  5 hobgoblins
  6 bats
  3 frilled lizards
  5 kobolds
  4 rats
38 creatures vanquished.

Notes
Turn   | Place    | Note
-------+----------+-------------------------------------------
     0 | D:1      | Kurtz the Ogre Monk began the quest for the Orb.
     0 | D:1      | Reached XP level 1. HP: 24/24 MP: 1/1
   297 | D:1      | Reached XP level 2. HP: 32/32 MP: 2/2
   643 | D:2      | Found a sparkling altar of Nemelex Xobeh.
   720 | D:2      | Reached XP level 3. HP: 30/40 MP: 3/3
   872 | D:2      | Found a shimmering altar of Xom.
   884 | D:2      | Found a shimmering altar of Xom.
   891 | D:2      | Found a shimmering altar of Xom.
   997 | D:2      | Found a shattered altar of Ashenzari.
  1181 | D:3      | Noticed Terence
  1181 | D:3      | Noticed Ijyb
  1553 | D:3      | Found a basalt altar of Yredelemnul.
  1721 | D:3      | Killed Terence
  1721 | D:3      | Reached XP level 4. HP: 18/49 MP: 4/4
  1945 | D:3      | Noticed a sky beast
  1989 | D:3      | Slain by a sky beast

Vault maps used:
D:1:      evilmike_arrival_hilbert_curve
D:2:      evilmike_ruin_ashenzari, overflow_temple_1_default, xom_redecorated
D:3:      lemuel_round_altar, lemuel_zombie_altar_yredelemnul, uniq_jessica,
          uniq_terence, uniq_ijyb

Skill      XL: |  1  2 |
---------------+-------+-----
Unarmed Combat | 3 |  3.8
Dodging        | 3 |  3.2
Fighting       | |  4.6
Stealth        | |  1.4

Action                   |  1- 3 |  4- 6 || total
-------------------------+-------+-------++-------
Melee: Unarmed           |   149 |     7 ||   156
Throw: Stone             |     4 |       ||     4
  Use: Scroll            |     1 |       ||     1
 Stab: Sleeping          |     6 |     1 ||     7
  Eat: Chunk             |     3 |       ||     3
Armor: Robe              |    28 |     2 ||    30
Dodge: Dodged            |    80 |     2 ||    82
